 Dungeon Crawl Stone Soup version 0.27-a0-828-g8289197e94 (console) character file.

Game seed: 67737309215891958

284 jejorda2 the Poker (level 6, -16/49 HPs)
             Began as a Merfolk Berserker on Mar 30, 2021.
             Was an Elder of Trog.
             Demolished by an orc
             ... wielding a +1 hand axe of electrocution
              (18 damage)
             ... on level 4 of the Dungeon.
             The game lasted 00:06:45 (3886 turns).

jejorda2 the Poker (Merfolk Berserker)              Turns: 3886, Time: 00:06:45

Health: -16/49     AC: 11    Str: 20    XL:     6   Next: 29%
Magic:  6/6        EV:  6    Int:  6    God:    Trog [****..]
Gold:   219        SH:  0    Dex: 13    Spells: 5/5 levels left

rFire    . . .     SeeInvis .   a - +0 trident
rCold    . . .     Faith    .   (no shield)
rNeg     . . .     Spirit   .   v - +0 plate armour
rPois    +         Reflect  .   (no helmet)
rElec    .         Harm     .   (no cloak)
rCorr    .         Rampage  .   (no gloves)
Will     +....                  (no boots)
Stlth    ..........             (no amulet)
HPRegen  0.16/turn              j - ring of willpower
MPRegen  0.10/turn              o - ring of poison resistance

@: berserk cooldown, slowed, very slow
A: (nimble swimmer 2), mertail
a: Renounce Religion, Berserk, Trog's Hand, Brothers in Arms


You were on level 4 of the Dungeon.
You worshipped Trog.
Trog was greatly pleased with you.
You visited 1 branch of the dungeon, and saw 4 of its levels.
You also visited: Sewer.

You collected 219 gold pieces.

Inventory:

Hand Weapons
 a - a +0 trident (weapon)
Missiles
 p - 11 poisoned darts
Armour
 c - a +1 scale mail of cold resistance
 v - a +0 plate armour (worn)
Jewellery
 j - a ring of willpower (left hand)
 o - a ring of poison resistance (right hand)
 r - a ring of ice
Scrolls
 d - a scroll of enchant armour {unknown}
 f - 2 scrolls of identify {unknown}
 h - 4 scrolls of teleportation {unknown}
 i - 2 scrolls of noise {unknown}
 n - 2 scrolls of enchant weapon {unknown}
 q - a scroll of amnesia {unknown}
 t - a scroll of fear {unknown}
 u - 2 scrolls of fog {unknown}
Potions
 b - 2 potions of curing {unknown}
 e - a potion of lignification {unknown}
 g - a potion of berserk rage {unknown}
 k - a potion of ambrosia {unknown}
 l - 2 potions of might {unknown}
 m - a potion of resistance {unknown}
 s - a potion of brilliance {unknown}
 w - a potion of invisibility {unknown}
 x - a potion of flight {unknown}


   Skills:
 + Level 4.6 Fighting
 * Level 7.7 Polearms
 + Level 2.6 Armour
 - Level 2.6 Dodging


You had 5 spell levels left.
You didn't know any spells.
Your spell library was empty.

Dungeon Overview and Level Annotations

Branches:
Dungeon (4/15)              Sewer (visited)
 Temple: D:4-7

Altars:
Gozag
Hepliaklqana
Nemelex Xobeh
Uskayaw


Innate Abilities, Weirdness & Mutations

((You are quick and stealthy near water. (Stealth+, EV+, Speed+++)))
Your lower body shifts to a powerful aquatic tail in water.


Message History

You puncture the orc!
You kill the orc!
Trog accepts your kill.
You can now call in reinforcements.
You feel sick. The orc hits you but does no damage.
The orc hits you with a +1 mace of protection.
Something hits you but does no damage.
You barely miss the orc.
You feel sick.
You hit the orc.
The orc is severely wounded.
You feel sick. The orc barely misses you. The orc hits you but does no damage.
Something hits you but does no damage.
You puncture the orc!
You kill the orc!
Trog accepts your kill.
You feel sick.
The orc hits you with a +1 hand axe of electrocution.
You are electrocuted!
You are too injured to fight recklessly!
You puncture something!
You feel sick. Something hits you but does no damage.
You puncture something! Trog accepts your kill.
Trog appreciates your killing of a magic user.
Reactivating autopickup.
You feel a bit more experienced.
The orc hits you with a +1 hand axe of electrocution.
You are no longer berserk.
You are exhausted.
You feel yourself slow down.
You feel sick.
Items here: ) [ †.
You feel sick. The orc hits you but does no damage.
You are electrocuted!
* * * LOW HITPOINT WARNING * * *
You barely miss the orc.
You feel sick.
You are no longer poisoned.
The orc hits you with a +1 hand axe of electrocution.
* * * LOW HITPOINT WARNING * * *
You hit the orc but do no damage.
The orc hits you with a +1 hand axe of electrocution.
* * * LOW HITPOINT WARNING * * *
You are electrocuted!!
You die...

*,,,,,,,,,,,,,,,,,,,,,,,*
*,,.................,,,,*
*,,..................,,,*
**,...................,,*
*,...................,,*
*,...................,,*
*,...................,,*
*,........)).........,,*
**,.......@o..........,,*
*,,........†..........,,*
*,,...........†.......,,*
*,,.....................##*
*,,......................,,
*,,.....................#**
*,......................#
*......................#*
#......................#


You could see an orc.

Vanquished Creatures
  A hound (D:4)
  An orc wizard (D:4)
  10 adders
  A howler monkey skeleton (D:4)
  2 river rats (D:4)
  3 worms
  4 orcs (D:4)
  8 ball pythons
  11 endoplasms
  2 giant cockroaches
  5 goblins
  8 hobgoblins
  12 jackals
  6 quokkas
  3 bats
  12 frilled lizards
  4 kobolds
  7 rats
100 creatures vanquished.

Vanquished Creatures (others)
  17 plants (Sewer)
17 creatures vanquished.

Grand Total: 117 creatures vanquished

Notes
Turn   | Place    | Note
-------+----------+-------------------------------------------
     0 | D:1      | jejorda2 the Merfolk Berserker began the quest for the Orb.
     0 | D:1      | Reached XP level 1. HP: 18/18 MP: 1/1
   287 | D:1      | Reached XP level 2. HP: 15/24 MP: 2/2
   596 | D:1      | Reached skill level 5 in Polearms
   769 | D:1      | Reached XP level 3. HP: 27/29 MP: 3/3
   836 | D:1      | Reached ** piety under Trog
  1566 | D:2      | Found a hide-covered altar of Uskayaw.
  1568 | D:2      | Found a hazy altar of Hepliaklqana.
  1591 | D:2      | Found a sparkling altar of Nemelex Xobeh.
  1656 | D:2      | Reached XP level 4. HP: 24/37 MP: 4/4
  2224 | D:3      | Reached skill level 6 in Polearms
  2906 | D:4      | Found an opulent altar of Gozag.
  2936 | D:4      | Reached *** piety under Trog
  2966 | D:4      | Reached XP level 5. HP: 27/42 MP: 5/5
  3075 | D:4      | Found a glowing drain.
  3080 | Sewer    | Entered a sewer
  3347 | Sewer    | Reached skill level 7 in Polearms
  3875 | D:4      | Reached XP level 6. HP: 49/49 MP: 6/6
  3877 | D:4      | Reached **** piety under Trog
  3886 | D:4      | HP: 2/49 [orc/+1 hand axe of electrocution (5)]
  3886 | D:4      | Demolished by an orc

Illustrated notes

Levels and vault maps discovered:
D:1:      dpeg_arrival_three_bigger_balls, layout_basic
D:2:      layout_loops_ring, grunt_temple_overflow_open
D:3:      layout_basic
D:4:      layout_rooms, nicolae_yredelemnul_ghost_church, portal_sewer_entry_e,
          grunt_ministairs_3, wad_floor_pattern_2,
          nicolae_gozag_cash_rules_everything_around_me, uniq_robin

Skill      XL: |  1  2  3  4  5 |
---------------+----------------+-----
Polearms       | 5 6 7 |  7.7
Armour         | 2 |  2.6
Fighting       | 4 |  4.6
Dodging        | |  2.6

Action                   |  1- 3 |  4- 6 || total
-------------------------+-------+-------++-------
Melee: Spear             |   121 |       ||   121
       Trident           |    23 |   232 ||   255
       Tailslap          |       |     6 ||     6
Invok: Berserk           |     1 |     1 ||     2
  Use: Scroll            |       |     1 ||     1
Armor: Scale mail        |    44 |    48 ||    92
       Plate armour      |       |    25 ||    25
Dodge: Dodged            |    50 |    75 ||   125

Table legend: (Time is in decaauts)
 A = Elapsed time spent in this place.
 B = Non-inter-level travel time spent in this place.
 C = Inter-level travel time spent in this place.
 D = Time resting spent in this place.
 E = Time spent auto-exploring this place.
 F = Levels seen in this place.
 G = Mean time per level.
                   A        B        C        D        E       F      G
               +--------+--------+--------+--------+--------+-----+--------+
         Total |   3738 |   3554 |    184 |    270 |   2601 |   5 |  747.6 |
       Dungeon |   3302 |   3118 |    184 |    270 |   2335 |   4 |  825.5 |
         Sewer |    436 |    436 |      0 |      0 |    265 |   1 |  436.0 |
               +--------+--------+--------+--------+--------+-----+--------+

Top non-repeatable levels by time:
     D:1: 1375 daAuts
     D:2: 815 daAuts
     D:3: 636 daAuts
     D:4: 475 daAuts
   Sewer: 436 daAuts
